TOP OF THE 1ST |
Savannah Hogs batting - Pitching for State College Spikes : LHP John Knight
|
Pitching: LHP John Knight
|
|
Batting: RHB Miguel Toro
|
0-0: Ball 1-0: Ball 2-0: SINGLE (Line Drive, 89S)
|
Batting: LHB Manny Hernández
|
0-0: Ball Throwing error on steal attempt, E2 Miguel Toro to third 1-0: Called Strike 1-1: Swinging Strike 1-2: Strikes out swinging
|
Batting: RHB Remi Eruzione
|
0-0: Called Strike 0-1: Ball 1-1: Ball 2-1: Foul Ball, location: 2F 2-2: Ball 3-2: Base on Balls
|
Batting: LHB Ramón Morales
|
0-0: Called Strike 0-1: Fielders Choice at 2nd, 4-6 (Groundball, 34) Miguel Toro scores
|
Batting: RHB Javier Martínez
|
0-0: Called Strike Ramón Morales steals 2nd base 0-1: Ball 1-1: Ball Ramón Morales steals 3rd base 2-1: Called Strike 2-2: Ball Single, Error in OF, E7, batter to second base Ramón Morales scores
|
Batting: RHB Anastasio Movonda
|
0-0: Ball 1-0: Swinging Strike 1-1: Fly out, F2 (Popup, 2LF)
|
Top of the 1st over - 2 run(s), 2 hit(s), 2 error(s), 1 left on base; Savannah 2 - State College 0 |
BOTTOM OF THE 1ST |
State College Spikes batting - Pitching for Savannah Hogs : RHP Edgar Martínez
|
Pitching: RHP Edgar Martínez
|
|
Batting: RHB Rafael Ortíz
|
0-0: Called Strike 0-1: Ground out 5-3 (Groundball, 56)
|
Batting: RHB Piotr Zahn
|
0-0: Ball 1-0: Ground out U3 (Groundball, 3S)
|
Batting: RHB Martín López
|
0-0: Ball 1-0: Ball 2-0: Ball 3-0: Called Strike 3-1: Foul Ball, location: 2F 3-2: Ground out 6-3 (Groundball, 6)
|
Bottom of the 1st over - 0 run(s), 0 hit(s), 0 error(s), 0 left on base; Savannah 2 - State College 0 |
TOP OF THE 2ND |
Savannah Hogs batting - Pitching for State College Spikes : LHP John Knight
|
Batting: RHB Ignacio Rangel
|
0-0: Ground out 5-3 (Groundball, 56)
|
Batting: RHB Júlio Peña
|
0-0: Ground out 4-3 (Groundball, 34)
|
Batting: LHB Jim Clemente
|
0-0: Called Strike 0-1: Ball 1-1: Ball 2-1: Hit by Pitch
|
Batting: RHB Miguel Toro
|
0-0: Ball 1-0: Foul Ball, location: 2F 1-1: Ball 2-1: Ball 3-1: Called Strike 3-2: Foul Ball, location: 2F 3-2: SINGLE (Groundball, 5D) Jim Clemente to second Jim Clemente to third
|
Batting: LHB Manny Hernández
|
0-0: Called Strike 0-1: Ball 1-1: Foul Ball, location: 2F 1-2: Foul Ball, location: 2F 1-2: Ball 2-2: Foul Ball, location: 2F 2-2: Foul Ball, location: 2F 2-2: Ball 3-2: Foul Ball, location: 2F 3-2: SINGLE (Groundball, 34) Jim Clemente scores Miguel Toro to second Miguel Toro to third
|
Batting: RHB Remi Eruzione
|
0-0: Ball 1-0: Ball 2-0: Called Strike 2-1: Fly out, F5 (Popup, 5SF)
|
Top of the 2nd over - 1 run(s), 2 hit(s), 0 error(s), 2 left on base; Savannah 3 - State College 0 |
BOTTOM OF THE 2ND |
State College Spikes batting - Pitching for Savannah Hogs : RHP Edgar Martínez
|
Batting: SHB Clint Woods
|
0-0: Called Strike 0-1: Foul Ball, location: 2F 0-2: Ground out 4-3 (Groundball, 4)
|
Batting: SHB Greg Butterfield
|
0-0: Ball 1-0: Called Strike 1-1: Foul Ball, location: 2F 1-2: Ball 2-2: Strikes out swinging
|
Batting: LHB Burt Ward
|
0-0: Called Strike 0-1: Ball 1-1: Ball 2-1: Ball 3-1: Base on Balls
|
Batting: SHB Thomas Simmons
|
0-0: Swinging Strike 0-1: Ball 1-1: Called Strike 1-2: Ball 2-2: Ground out 4-3 (Groundball, 34)
|
Bottom of the 2nd over - 0 run(s), 0 hit(s), 0 error(s), 1 left on base; Savannah 3 - State College 0 |
TOP OF THE 3RD |
Savannah Hogs batting - Pitching for State College Spikes : LHP John Knight
|
Batting: LHB Ramón Morales
|
0-0: Ball 1-0: Called Strike 1-1: Ball 2-1: Ground out 2-3 (Groundball, 25)
|
Batting: RHB Javier Martínez
|
0-0: Swinging Strike 0-1: Foul Ball, location: 2F 0-2: Ball 1-2: Ball 2-2: Foul Ball, location: 2F 2-2: Ball 3-2: SINGLE (Line Drive, 4M)
|
Batting: RHB Anastasio Movonda
|
0-0: Ball 1-0: Ball 2-0: Ball 3-0: Swinging Strike 3-1: Base on Balls Javier Martínez to second
|
Batting: RHB Ignacio Rangel
|
0-0: Called Strike 0-1: Ball 1-1: Ball 2-1: Ball 3-1: Base on Balls Javier Martínez to third Anastasio Movonda to second
|
Batting: RHB Júlio Peña
|
0-0: Foul Ball, location: 2F 0-1: Ball 1-1: Called Strike 1-2: Strikes out swinging
|
Batting: LHB Jim Clemente
|
0-0: Called Strike 0-1: Foul Ball, location: 2F 0-2: Strikes out swinging
|
Top of the 3rd over - 0 run(s), 1 hit(s), 0 error(s), 3 left on base; Savannah 3 - State College 0 |
BOTTOM OF THE 3RD |
State College Spikes batting - Pitching for Savannah Hogs : RHP Edgar Martínez
|
Batting: RHB Javier Peña
|
0-0: Foul Ball, location: 2F 0-1: Ball 1-1: Swinging Strike 1-2: Ball 2-2: Ball 3-2: Fly out, F9 (Flyball, 9LSF)
|
Batting: RHB Andrew Deal
|
0-0: Ground out 4-3 (Groundball, 4)
|
Batting: RHB Rafael Ortíz
|
0-0: Ground out 6-3 (Groundball, 6)
|
Bottom of the 3rd over - 0 run(s), 0 hit(s), 0 error(s), 0 left on base; Savannah 3 - State College 0 |
TOP OF THE 4TH |
Savannah Hogs batting - Pitching for State College Spikes : LHP John Knight
|
Batting: RHB Miguel Toro
|
0-0: Called Strike 0-1: Ball 1-1: SINGLE (Groundball, 4MD)
|
Batting: LHB Manny Hernández
|
0-0: Ball 1-0: Ball Miguel Toro steals 2nd base 2-0: Ball 3-0: Called Strike 3-1: Base on Balls
|
Pitching: RHP Javier Molina
|
|
Batting: RHB Remi Eruzione
|
0-0: Called Strike 0-1: Fielders Choice at 2nd, 4-6 (Groundball, 34) Miguel Toro to third
|
Batting: LHB Ramón Morales
|
0-0: Ball 1-0: Called Strike Remi Eruzione is caught stealing 2nd base 1-1: Ground out 3-6 (Groundball, 3L)
|
Top of the 4th over - 0 run(s), 1 hit(s), 0 error(s), 1 left on base; Savannah 3 - State College 0 |
BOTTOM OF THE 4TH |
State College Spikes batting - Pitching for Savannah Hogs : RHP Edgar Martínez
|
Batting: RHB Piotr Zahn
|
0-0: Called Strike 0-1: Foul Ball, location: 2F 0-2: Ball 1-2: Foul Ball, location: 2F 1-2: Ground out 6-3 (Groundball, 6D)
|
Batting: RHB Martín López
|
0-0: Ball 1-0: Swinging Strike 1-1: Ball 2-1: Swinging Strike 2-2: Ball 3-2: Foul Ball, location: 2F 3-2: Base on Balls
|
Batting: SHB Clint Woods
|
0-0: Called Strike 0-1: Called Strike 0-2: Ball 1-2: Ball 2-2: Ball 3-2: Ground out 6-3 (Groundball, 6M) Martín López to second
|
Batting: SHB Greg Butterfield
|
0-0: Ball 1-0: Swinging Strike 1-1: Ball 2-1: Swinging Strike 2-2: Strikes out looking
|
Bottom of the 4th over - 0 run(s), 0 hit(s), 0 error(s), 1 left on base; Savannah 3 - State College 0 |
TOP OF THE 5TH |
Savannah Hogs batting - Pitching for State College Spikes : RHP Javier Molina
|
Batting: RHB Javier Martínez
|
0-0: Called Strike 0-1: Swinging Strike 0-2: Ball 1-2: Ball 2-2: Ball 3-2: SINGLE (Line Drive, 9S)
|
Batting: RHB Anastasio Movonda
|
0-0: Swinging Strike 0-1: Ball 1-1: SINGLE (Line Drive, 89S) Javier Martínez to second
|
Batting: RHB Ignacio Rangel
|
0-0: Ball 1-0: Fly out, F8 (Flyball, 8LXD) Runner from 2nd tags up, SAFE at 3rd, no throw
|
Batting: RHB Júlio Peña
|
0-0: Ball 1-0: Ball 2-0: Fly out, F6 (Line Drive, 6)
|
Batting: LHB Jim Clemente
|
0-0: Ball 1-0: Foul Ball, location: 2F 1-1: Called Strike 1-2: Strikes out swinging
|
Top of the 5th over - 0 run(s), 2 hit(s), 0 error(s), 2 left on base; Savannah 3 - State College 0 |
BOTTOM OF THE 5TH |
State College Spikes batting - Pitching for Savannah Hogs : RHP Edgar Martínez
|
Batting: LHB Burt Ward
|
0-0: Called Strike 0-1: Foul Ball, location: 2F 0-2: SINGLE (Groundball, 4M)
|
Batting: SHB Thomas Simmons
|
0-0: Called Strike 0-1: Ball 1-1: Ball 2-1: Called Strike 2-2: Foul Ball, location: 2F 2-2: Strikes out swinging
|
Batting: RHB Javier Peña
|
0-0: Ball 1-0: SINGLE (Line Drive, 34D) Burt Ward to second
|
Batting: RHB Andrew Deal
|
0-0: Called Strike Burt Ward is caught stealing 3rd base Javier Peña to second 0-1: Called Strike 0-2: Strikes out swinging
|
Bottom of the 5th over - 0 run(s), 2 hit(s), 0 error(s), 1 left on base; Savannah 3 - State College 0 |
TOP OF THE 6TH |
Savannah Hogs batting - Pitching for State College Spikes : RHP Javier Molina
|
Batting: RHB Miguel Toro
|
0-0: Ball 1-0: Ball 2-0: Ball 3-0: Called Strike 3-1: Ground out 2-3 (Groundball, 2R)
|
Batting: LHB Manny Hernández
|
0-0: Called Strike 0-1: Foul Ball, location: 2F 0-2: Ball 1-2: Foul Ball, location: 2F 1-2: Fly out, F3 (Popup, 13)
|
Batting: RHB Remi Eruzione
|
0-0: Called Strike 0-1: Fly out, F9 (Flyball, 9M)
|
Top of the 6th over - 0 run(s), 0 hit(s), 0 error(s), 0 left on base; Savannah 3 - State College 0 |
BOTTOM OF THE 6TH |
State College Spikes batting - Pitching for Savannah Hogs : RHP Edgar Martínez
|
Batting: RHB Rafael Ortíz
|
0-0: Ball 1-0: Ball 2-0: Ball 3-0: Called Strike 3-1: Base on Balls
|
Batting: RHB Piotr Zahn
|
0-0: Ball 1-0: SINGLE (Line Drive, 78S) Rafael Ortíz to second
|
Batting: RHB Martín López
|
0-0: Swinging Strike 0-1: Ball 1-1: Foul Ball, location: 2F 1-2: Strikes out swinging
|
Batting: SHB Clint Woods
|
0-0: Ground out U3 (Groundball, 3S) Rafael Ortíz to third Piotr Zahn to second
|
Pitching: RHP Shannon Wallace
|
|
Batting: SHB Greg Butterfield
|
0-0: Ball 1-0: Called Strike 1-1: Swinging Strike 1-2: Foul Ball, location: 2F 1-2: Ground out 3-1 (Groundball, 34)
|
Bottom of the 6th over - 0 run(s), 1 hit(s), 0 error(s), 2 left on base; Savannah 3 - State College 0 |
TOP OF THE 7TH |
Savannah Hogs batting - Pitching for State College Spikes : RHP Javier Molina
|
Pitching: RHP Chris Mitchell
|
|
Batting: LHB Ramón Morales
|
0-0: Called Strike 0-1: Ball 1-1: Ball 2-1: Fly out, F8 (Flyball, 78M)
|
Batting: RHB Javier Martínez
|
0-0: Called Strike 0-1: Ball 1-1: Ball 2-1: SINGLE (Groundball, 34D)
|
Batting: RHB Anastasio Movonda
|
0-0: SINGLE (Flyball, 8RS) Javier Martínez to second
|
Batting: RHB Ignacio Rangel
|
0-0: Fly out, F8 (Flyball, 8LM)
|
Batting: RHB Júlio Peña
|
0-0: Ball 1-0: Ball 2-0: Ball 3-0: Called Strike 3-1: Base on Balls Javier Martínez to third Anastasio Movonda to second
|
Pinch Hitting: LHB Juan Delgado
|
0-0: Ball 1-0: Foul Ball, location: 2F 1-1: Ball 2-1: Called Strike 2-2: Strikes out swinging
|
Top of the 7th over - 0 run(s), 2 hit(s), 0 error(s), 3 left on base; Savannah 3 - State College 0 |
BOTTOM OF THE 7TH |
State College Spikes batting - Pitching for Savannah Hogs : RHP Shannon Wallace
|
Now in RF: Juan Delgado
|
|
Batting: LHB Burt Ward
|
0-0: Swinging Strike 0-1: Ground out 6-3 (Groundball, 6MS)
|
Batting: SHB Thomas Simmons
|
0-0: Ball 1-0: Called Strike 1-1: Ground out U3 (Groundball, 3)
|
Batting: RHB Javier Peña
|
0-0: SINGLE (Groundball, 3S)
|
Batting: RHB Andrew Deal
|
0-0: Ball 1-0: Fly out, F9 (Popup, 4D)
|
Bottom of the 7th over - 0 run(s), 1 hit(s), 0 error(s), 1 left on base; Savannah 3 - State College 0 |
TOP OF THE 8TH |
Savannah Hogs batting - Pitching for State College Spikes : RHP Chris Mitchell
|
Batting: RHB Miguel Toro
|
0-0: Ball 1-0: Fly out, F7 (Flyball, 7LM)
|
Batting: LHB Manny Hernández
|
0-0: Ball 1-0: Ball 2-0: Called Strike 2-1: Ball 3-1: Base on Balls
|
Batting: RHB Remi Eruzione
|
0-0: Ball 1-0: Ball 2-0: Fly out, F2 (Popup, 2RF)
|
Batting: LHB Ramón Morales
|
0-0: Ground out 1-3 (Groundball, 13S)
|
Top of the 8th over - 0 run(s), 0 hit(s), 0 error(s), 1 left on base; Savannah 3 - State College 0 |
BOTTOM OF THE 8TH |
State College Spikes batting - Pitching for Savannah Hogs : RHP Shannon Wallace
|
Now in LF: Guillermo González
|
|
Now in CF: Júlio Macías
|
|
Batting: RHB Rafael Ortíz
|
0-0: Ball 1-0: Foul Ball, location: 2F 1-1: Ground out 6-3 (Groundball, 6)
|
Batting: RHB Piotr Zahn
|
0-0: Called Strike 0-1: Ball 1-1: Ball 2-1: Foul Ball, location: 2F 2-2: Foul Ball, location: 2F 2-2: Fly out, F3 (Popup, 3)
|
Batting: RHB Martín López
|
0-0: Ball 1-0: Ball 2-0: Swinging Strike 2-1: Ball 3-1: Base on Balls
|
Batting: SHB Clint Woods
|
0-0: Foul Ball, location: 2F 0-1: Ball 1-1: Fly out, F3 (Line Drive, 3)
|
Bottom of the 8th over - 0 run(s), 0 hit(s), 0 error(s), 1 left on base; Savannah 3 - State College 0 |
TOP OF THE 9TH |
Savannah Hogs batting - Pitching for State College Spikes : RHP Chris Mitchell
|
Batting: RHB Javier Martínez
|
0-0: Ball 1-0: Called Strike 1-1: Called Strike 1-2: Strikes out swinging
|
Batting: RHB Anastasio Movonda
|
0-0: Called Strike 0-1: Ground out 6-3 (Groundball, 6M)
|
Batting: RHB Ignacio Rangel
|
0-0: Called Strike 0-1: Swinging Strike 0-2: Strikes out swinging
|
Top of the 9th over - 0 run(s), 0 hit(s), 0 error(s), 0 left on base; Savannah 3 - State College 0 |
BOTTOM OF THE 9TH |
State College Spikes batting - Pitching for Savannah Hogs : RHP Shannon Wallace
|
Pitching: RHP José Gonzáles
|
|
Now at C: Juan Jose Mendoza
|
|
Batting: SHB Greg Butterfield
|
0-0: Ball 1-0: Ball 2-0: Ball 3-0: Base on Balls
|
Batting: LHB Burt Ward
|
0-0: Ball 1-0: Called Strike 1-1: Ball 2-1: Foul Ball, location: 2F 2-2: Strikes out swinging
|
Batting: SHB Thomas Simmons
|
0-0: Swinging Strike 0-1: Called Strike 0-2: Strikes out looking
|
Batting: RHB Javier Peña
|
0-0: Ball 1-0: Swinging Strike 1-1: Ball 2-1: Foul Ball, location: 2F 2-2: Foul Ball, location: 2F 2-2: Foul Ball, location: 2F 2-2: Strikes out swinging
|
Bottom of the 9th over - 0 run(s), 0 hit(s), 0 error(s), 1 left on base; Savannah 3 - State College 0 |
|